AoeStats
← ZZZ1

Arena

510419600Analyzed
4v4 RM · 20h ago on Sep 30, 2026· 52m 41s· 8 players
Game mode
Random Map
Map size
Large (8 player)
Population
200
Speed
Normal
Resources
Standard
Victory
Conquest
Starting age
Dark Age
Ending age
Imperial Age
RankedLock teamsTeams togetherTeam positionsShared explorationLock speedFull tech treeHidden civsTurbo modeCheats
Victory
Defeat
1133
+16
🇨🇳 Jurchens · China
1131
+16
🇹🇼 Franks · Taiwan
1108
+17
🇬🇧 Varangians · United Kingdom
1091
+18
🇬🇧 Varangians · United Kingdom
1204
-20
🇺🇸 Cumans · United States
1172
-18
🇬🇧 Danes · United Kingdom
1099
-15
🇲🇽 Teutons · Mexico
1053
-14
ZZZ1
9:59 Feudal Age
13:55 Castle Age
13:04 Double-Bit Axe
23:05 Wheelbarrow
22:46 Bow Saw
23:24 Loom
27:51 Imperial Age
26:31 Scale Barding Armor
26:37 Forging
26:58 Hand Cart
27:55 Chain Barding Armor
28:12 Husbandry
28:22 Cavalier
30:17 Plate Barding Armor
30:17 Iron Casting
29:48 Paladin
30:00 Paladin
31:48 Gold Mining
31:50 Stone Mining
32:39 Chivalry
35:17 Chemistry
35:00 Gold Shaft Mining
38:05 Herbal Medicine
39:12 Blast Furnace
38:03 Fletching
38:13 Scale Mail Armor
40:36 Bodkin Arrow
41:29 Conscription
44:40 Spies/Treason
48:51 Fortified Wall
49:16 Chain Mail Armor
The Rock
10:41 Feudal Age
14:57 Castle Age
13:12 Double-Bit Axe
13:50 Horse Collar
21:43 Stone Mining
22:59 Gold Mining
26:52 Bow Saw
27:42 Wheelbarrow
26:52 Town Watch
26:53 Loom
29:21 Husbandry
29:32 Bloodlines
32:42 Imperial Age
31:02 Scale Barding Armor
33:13 Cranequins
33:14 Heavy Mounted Crossbowman
34:40 Ballistics
35:18 Town Patrol
35:14 Treadmill Crane
37:29 Hand Cart
38:17 Two-Man Saw
37:20 Heavy Plow
39:03 Siege Engineers
39:21 Chain Barding Armor
39:11 Forging
39:14 Padded Archer Armor
40:35 Stone Shaft Mining
39:37 Capped Ram
40:45 Leather Archer Armor
41:03 Chain Barding Armor
42:38 Siege Ram
44:56 Ring Archer Armor
48:43 Fletching
48:54 Scale Mail Armor
49:31 Plate Barding Armor
20 лет в аркаде
10:43 Feudal Age
15:20 Castle Age
13:19 Double-Bit Axe
13:35 Horse Collar
17:34 Bow Saw
17:35 Loom
24:26 Fletching
26:05 Wheelbarrow
26:31 Heavy Plow
31:44 Imperial Age
29:19 Town Watch
30:41 Bodkin Arrow
31:51 Chemistry
31:13 Ballistics
32:52 Conscription
34:09 Hand Cart
38:41 Town Patrol
43:04 Wagenburg Tactics
43:07 Murder Holes
46:08 Spies/Treason
46:19 Sappers
尹佳蓝可爱捏
8:50 Loom
11:15 Feudal Age
9:35 Loom
14:59 Castle Age
12:57 Double-Bit Axe
14:09 Gold Mining
16:06 Squires
15:51 Arson
16:06 Squires
15:51 Arson
17:23 Gambesons
17:23 Arson
17:24 Gambesons
17:24 Arson
18:21 Arson
19:00 Scale Mail Armor
21:09 Forging
26:02 Chain Mail Armor
28:46 Horse Collar
29:17 Bow Saw
31:37 Heavy Plow
33:46 Wheelbarrow
35:23 Hand Cart
34:54 Town Watch
36:29 Iron Casting
37:26 Gold Shaft Mining
36:41 Stone Mining
37:26 Gold Shaft Mining
36:41 Stone Mining
41:31 Imperial Age
39:09 Treadmill Crane
40:44 Murder Holes
41:01 Fortified Wall
41:45 Fletching
43:29 Blast Furnace
41:53 Elite Fire Lancer
42:13 Capped Ram
42:57 Siege Ram
El Fantasma de Pancho Villa
13:43 Feudal Age
14:59 Man-at-Arms
16:10 Scale Mail Armor
18:57 Forging
19:11 Fletching
21:07 Padded Archer Armor
21:17 Double-Bit Axe
22:14 Gold Mining
24:23 Wheelbarrow
Wololo
10:18 Feudal Age
14:49 Castle Age
13:51 Loom
14:08 Double-Bit Axe
14:06 Horse Collar
25:48 Scale Mail Armor
29:04 Arson
REYDAVO
11:13 Feudal Age
16:14 Castle Age
13:59 Loom
14:59 Double-Bit Axe
22:30 Wheelbarrow
21:44 Town Watch
25:17 Horse Collar
25:42 Gold Mining
25:51 Stone Mining
26:45 Bow Saw
26:52 Heavy Plow
29:23 Fortified Wall
30:04 Forging
29:55 Scale Mail Armor
32:31 Imperial Age
31:29 Iron Casting
32:35 Hand Cart
32:55 Chain Mail Armor
33:44 Conscription
34:26 Blast Furnace
33:38 Squires
33:24 Arson
33:16 Elite Teutonic Knight
34:37 Stone Shaft Mining
34:30 Ballistics
34:48 Plate Mail Armor
34:44 Siege Engineers
37:29 Ironclad
36:53 Capped Ram
DreamWolf
9:51 Feudal Age
12:58 Loom
15:35 Castle Age
14:57 Double-Bit Axe
15:18 Double-Bit Axe
16:18 Horse Collar
19:56 Wheelbarrow
21:43 Bow Saw
22:40 Fervor
22:51 Heavy Plow
25:10 Gold Mining
28:58 Imperial Age
27:19 Scale Barding Armor
27:25 Bloodlines
27:16 Husbandry
29:11 Chain Barding Armor
29:43 Forging
29:53 Hand Cart
29:03 Cavalier
32:08 Plate Barding Armor
31:31 Fletching
32:21 Iron Casting
31:36 Fletching
34:02 Vendel Legacy
35:07 Conscription
34:46 Stone Mining
Connection lost

Rejoining the realm…

Still unreachable

The connection could not be restored.

Session expired

The server has moved on; the page needs a fresh start.